TOP OF THE 1ST |
Norfolk Tides batting - Pitching for Rochester Red Wings : RHP Brian Bright
|
Pitching: RHP Brian Bright
|
|
Batting: RHB Joe Young
|
0-0: Ball 1-0: Ball 2-0: SINGLE (Flyball, 8LS, EV 84.4 MPH)
|
Batting: RHB Danny Baeza
|
0-0: Grounds into double play, 6-4-3 (Groundball, 6, EV 107.5 MPH)
|
Batting: RHB Daniel Jackson
|
0-0: Called Strike 0-1: Ball 1-1: Fly out, F6 (Line Drive, 6M, EV 66.9 MPH)
|
Top of the 1st over - 0 runs, 1 hit, 0 errors, 0 left on base; Norfolk 0 - Rochester 0 |
BOTTOM OF THE 1ST |
Rochester Red Wings batting - Pitching for Norfolk Tides : RHP Wes Reynolds
|
Pitching: RHP Wes Reynolds
|
|
Batting: RHB Jason Gee
|
0-0: Fly out, F7 (Flyball, 78M, EV 90.0 MPH)
|
Batting: SHB Ian Thompson
|
0-0: Ball 1-0: Called Strike 1-1: Called Strike 1-2: SOLO HOME RUN (Flyball, 89XD, EV 98.1 MPH), Distance : 397 ft
|
Batting: LHB Jon Ventura
|
0-0: Called Strike 0-1: Swinging Strike 0-2: Ball 1-2: Foul Ball, location: 2F 1-2: Ball 2-2: Foul Ball, location: 2F 2-2: Strikes out looking
|
Batting: RHB Leo Gonzalez
|
0-0: Ball 1-0: Called Strike 1-1: Foul Ball, location: 2F 1-2: Ball 2-2: Ball 3-2: Base on Balls
|
Batting: RHB Josh Harmon
|
0-0: Ball 1-0: Foul Ball, location: 2F 1-1: Called Strike 1-2: Strikes out looking
|
Bottom of the 1st over - 1 run, 1 hit, 0 errors, 1 left on base; Norfolk 0 - Rochester 1 |
TOP OF THE 2ND |
Norfolk Tides batting - Pitching for Rochester Red Wings : RHP Brian Bright
|
Batting: LHB Justin Moore
|
0-0: Swinging Strike 0-1: Swinging Strike 0-2: Foul Ball, location: 2F 0-2: Ball 1-2: Ground out 4-3 (Groundball, 4, EV 87.5 MPH)
|
Batting: SHB Ben Pierce
|
0-0: Called Strike 0-1: Swinging Strike 0-2: Ball 1-2: Strikes out swinging
|
Batting: SHB Eduardo Maldonado
|
0-0: SINGLE (Groundball, 34D, EV 100.0 MPH)
|
Batting: RHB Jeremy Sipe
|
0-0: Ball Eduardo Maldonado is caught stealing 2nd base 2-4
|
Top of the 2nd over - 0 runs, 1 hit, 0 errors, 0 left on base; Norfolk 0 - Rochester 1 |
BOTTOM OF THE 2ND |
Rochester Red Wings batting - Pitching for Norfolk Tides : RHP Wes Reynolds
|
Batting: RHB José Molina
|
0-0: Foul Ball, location: 2F 0-1: Ball 1-1: Called Strike 1-2: Foul Ball, location: 2F 1-2: Strikes out swinging
|
Batting: RHB Ryan Gautney
|
0-0: Called Strike 0-1: DOUBLE (Line Drive, 78XD, EV 103.8 MPH)
|
Batting: LHB Tyler Allen
|
0-0: Ball Wild Pitch! Ryan Gautney to third 1-0: Foul Ball, location: 2F 1-1: Ball 2-1: Fly out, F9 (Flyball, 89D, EV 100.6 MPH) Runner from 3rd tags up, SCORES, throw by RF
|
Batting: RHB Pedro Pinero
|
0-0: Ball 1-0: Fly out, F7 (Flyball, 78S, EV 85.6 MPH)
|
Bottom of the 2nd over - 1 run, 1 hit, 0 errors, 0 left on base; Norfolk 0 - Rochester 2 |
TOP OF THE 3RD |
Norfolk Tides batting - Pitching for Rochester Red Wings : RHP Brian Bright
|
Batting: RHB Jeremy Sipe
|
0-0: Called Strike 0-1: Ball 1-1: Swinging Strike 1-2: Foul Ball, location: 2F 1-2: Foul Ball, location: 2F 1-2: SINGLE (Line Drive, 9LS, EV 97.5 MPH)
|
Batting: RHB Honório Szenes
|
0-0: Ball 1-0: Ball 2-0: Called Strike 2-1: Swinging Strike 2-2: Ball 3-2: Foul Ball, location: 2F 3-2: Base on Balls Jeremy Sipe to second
|
Batting: RHB Ray Sims
|
0-0: Ball 1-0: Foul Ball, location: 2F 1-1: Foul Ball, location: 2F 1-2: Ball 2-2: Foul Ball, location: 2F 2-2: Fly out, F8 (Flyball, 8RD, EV 96.9 MPH)
|
Batting: RHB Joe Young
|
0-0: Ball 1-0: Foul Ball, location: 2F 1-1: Ball 2-1: Called Strike 2-2: SINGLE (Line Drive, 6D, EV 98.1 MPH) Jeremy Sipe to third Honório Szenes to second Runner from 3rd tries for Home, SAFE, throw by CF to home
|
Batting: RHB Danny Baeza
|
0-0: Ball 1-0: Foul Ball, location: 2F 1-1: Ball 2-1: Fly out, F9 (Flyball, 89M, EV 91.9 MPH)
|
Batting: RHB Daniel Jackson
|
0-0: Called Strike 0-1: Ground out 4-3 (Groundball, 4, EV 86.2 MPH)
|
Top of the 3rd over - 1 run, 2 hits, 0 errors, 2 left on base; Norfolk 1 - Rochester 2 |
BOTTOM OF THE 3RD |
Rochester Red Wings batting - Pitching for Norfolk Tides : RHP Wes Reynolds
|
Batting: RHB Jason Gee
|
0-0: Bunt for hit to 13S - play at first, batter safe!
|
Pinch Runner at 1st Dan Grable:
|
|
Batting: SHB Ian Thompson
|
0-0: Swinging Strike 0-1: Foul Ball, location: 2F 0-2: Ball 1-2: Foul Ball, location: 2F 1-2: Ball 2-2: Foul Ball, location: 2F 2-2: Strikes out swinging
|
Batting: LHB Jon Ventura
|
0-0: Ball 1-0: Ball 2-0: Fly out, F9 (Flyball, 9, EV 90.0 MPH)
|
Batting: RHB Leo Gonzalez
|
0-0: Called Strike 0-1: Ball 1-1: Swinging Strike 1-2: Ball 2-2: Ball 3-2: Foul Ball, location: 2F 3-2: Strikes out swinging
|
Bottom of the 3rd over - 0 runs, 1 hit, 0 errors, 1 left on base; Norfolk 1 - Rochester 2 |
TOP OF THE 4TH |
Norfolk Tides batting - Pitching for Rochester Red Wings : RHP Brian Bright
|
Now at SS: Dan Grable
|
|
Batting: LHB Justin Moore
|
0-0: Ball 1-0: Called Strike 1-1: Ball 2-1: Foul Ball, location: 2F 2-2: Foul Ball, location: 2F 2-2: Foul Ball, location: 2F 2-2: SINGLE (Line Drive, 4MD, EV 103.8 MPH)
|
Batting: SHB Ben Pierce
|
0-0: Ball 1-0: SINGLE (Groundball, 34D, EV 103.1 MPH) Justin Moore to second Runner from 2nd tries for 3rd, SAFE, throw by RF made to third
|
Batting: SHB Eduardo Maldonado
|
0-0: Ball 1-0: Called Strike 1-1: Called Strike 1-2: Ball 2-2: Strikes out swinging
|
Batting: RHB Jeremy Sipe
|
0-0: Fielders Choice at 2nd, 3-6 (Groundball, 3S, EV 88.1 MPH) Justin Moore scores
|
Batting: RHB Honório Szenes
|
0-0: Swinging Strike 0-1: Ball 1-1: Called Strike 1-2: Ball 2-2: Foul Ball, location: 2F 2-2: Foul Ball, location: 2F 2-2: Foul Ball, location: 2F 2-2: Strikes out looking
|
Top of the 4th over - 1 run, 2 hits, 0 errors, 1 left on base; Norfolk 2 - Rochester 2 |
BOTTOM OF THE 4TH |
Rochester Red Wings batting - Pitching for Norfolk Tides : RHP Wes Reynolds
|
Batting: RHB Josh Harmon
|
0-0: Fly out, F7 (Flyball, 7, EV 91.2 MPH)
|
Batting: RHB José Molina
|
0-0: Ball 1-0: Foul Ball, location: 2F 1-1: Ground out 5-3 (Groundball, 56, EV 89.4 MPH)
|
Batting: RHB Ryan Gautney
|
0-0: Called Strike 0-1: Ball 1-1: Ball 2-1: Ground out 6-3 (Groundball, 6, EV 108.8 MPH)
|
Bottom of the 4th over - 0 runs, 0 hits, 0 errors, 0 left on base; Norfolk 2 - Rochester 2 |
TOP OF THE 5TH |
Norfolk Tides batting - Pitching for Rochester Red Wings : RHP Brian Bright
|
Batting: RHB Ray Sims
|
0-0: Ball 1-0: Foul Ball, location: 2F 1-1: Swinging Strike 1-2: Ball 2-2: Strikes out swinging
|
Batting: RHB Joe Young
|
0-0: Ball 1-0: Ball 2-0: SINGLE (Line Drive, 8RS, EV 99.4 MPH)
|
Batting: RHB Danny Baeza
|
0-0: Swinging Strike 0-1: Ball 1-1: Ball 2-1: Called Strike 2-2: Foul Ball, location: 2F 2-2: Strikes out looking
|
Batting: RHB Daniel Jackson
|
0-0: Ball 1-0: Called Strike 1-1: Ball 2-1: Ball 3-1: Fielders Choice at 2nd, 6-4 (Groundball, 6, EV 81.2 MPH)
|
Top of the 5th over - 0 runs, 1 hit, 0 errors, 1 left on base; Norfolk 2 - Rochester 2 |
BOTTOM OF THE 5TH |
Rochester Red Wings batting - Pitching for Norfolk Tides : RHP Wes Reynolds
|
Batting: LHB Tyler Allen
|
0-0: Bunt for hit to 15 - play at first, batter OUT! 1-3
|
Batting: RHB Pedro Pinero
|
0-0: Foul Ball, location: 2F 0-1: Ball 1-1: Ground out 4-3 (Groundball, 4, EV 91.9 MPH)
|
Batting: RHB Dan Grable
|
0-0: Ground out 6-3 (Groundball, 6M, EV 77.5 MPH)
|
Bottom of the 5th over - 0 runs, 0 hits, 0 errors, 0 left on base; Norfolk 2 - Rochester 2 |
TOP OF THE 6TH |
Norfolk Tides batting - Pitching for Rochester Red Wings : RHP Brian Bright
|
Batting: LHB Justin Moore
|
0-0: Ball 1-0: Ball 2-0: Called Strike 2-1: Called Strike 2-2: Foul Ball, location: 2F 2-2: SINGLE (Groundball, 4MS, EV 72.5 MPH) (infield hit)
|
Batting: SHB Ben Pierce
|
0-0: Swinging Strike 0-1: Ball 1-1: Grounds into double play, 6-4-3 (Groundball, 56, EV 106.2 MPH)
|
Batting: SHB Eduardo Maldonado
|
0-0: Called Strike 0-1: Ball 1-1: DOUBLE (Line Drive, 7LS, EV 107.5 MPH)
|
Pitching: RHP Alex Rushton
|
|
Batting: RHB Jeremy Sipe
|
0-0: Ball 1-0: Ball 2-0: SINGLE (Line Drive, 8LS, EV 110.6 MPH) Eduardo Maldonado to third Runner from 3rd tries for Home, SAFE, throw by CF to home
|
Batting: RHB Honório Szenes
|
0-0: Swinging Strike Jeremy Sipe steals 2nd base 0-1: Ball 1-1: Called Strike 1-2: Strikes out swinging
|
Top of the 6th over - 1 run, 3 hits, 0 errors, 1 left on base; Norfolk 3 - Rochester 2 |
BOTTOM OF THE 6TH |
Rochester Red Wings batting - Pitching for Norfolk Tides : RHP Wes Reynolds
|
Batting: SHB Ian Thompson
|
0-0: Ground out 4-3 (Groundball, 34, EV 100.6 MPH)
|
Batting: LHB Jon Ventura
|
0-0: Called Strike 0-1: SINGLE (Groundball, 6MS, EV 60.6 MPH) (infield hit)
|
Batting: RHB Leo Gonzalez
|
0-0: Ball 1-0: Foul Ball, location: 2F 1-1: Ball 2-1: Foul Ball, location: 2F 2-2: Ball 3-2: Foul Ball, location: 2F 3-2: Foul Ball, location: 2F 3-2: Base on Balls Jon Ventura to second
|
Batting: RHB Josh Harmon
|
0-0: Ball Jon Ventura is caught stealing 3rd base 2-5 1-0: Foul Ball, location: 2F 1-1: Called Strike 1-2: Foul Ball, location: 2F 1-2: Ball 2-2: Strikes out swinging
|
Bottom of the 6th over - 0 runs, 1 hit, 0 errors, 1 left on base; Norfolk 3 - Rochester 2 |
TOP OF THE 7TH |
Norfolk Tides batting - Pitching for Rochester Red Wings : RHP Alex Rushton
|
Batting: RHB Ray Sims
|
0-0: Called Strike 0-1: Foul Ball, location: 2F 0-2: Ball 1-2: Foul Ball, location: 2F 1-2: Ball 2-2: SINGLE (Line Drive, 7S, EV 98.8 MPH)
|
Batting: RHB Joe Young
|
0-0: Bunt missed! 0-1: Bunted foul 0-2: Grounds into double play, 4-6-3 (Groundball, 4, EV 93.1 MPH)
|
Batting: RHB Danny Baeza
|
0-0: Ball 1-0: Called Strike 1-1: Swinging Strike 1-2: Strikes out swinging
|
Top of the 7th over - 0 runs, 1 hit, 0 errors, 0 left on base; Norfolk 3 - Rochester 2 |
BOTTOM OF THE 7TH |
Rochester Red Wings batting - Pitching for Norfolk Tides : RHP Wes Reynolds
|
Batting: RHB José Molina
|
0-0: Ground out 5-3 (Groundball, 56S, EV 65.0 MPH)
|
Pinch Hitting: LHB Chaim Huting
|
0-0: Ball 1-0: Foul Ball, location: 2F 1-1: Ball 2-1: Called Strike 2-2: Ground out 6-3 (Groundball, 6M, EV 88.8 MPH)
|
Batting: LHB Tyler Allen
|
0-0: Foul Ball, location: 2F 0-1: Foul Ball, location: 2F 0-2: Strikes out swinging
|
Bottom of the 7th over - 0 runs, 0 hits, 0 errors, 0 left on base; Norfolk 3 - Rochester 2 |
TOP OF THE 8TH |
Norfolk Tides batting - Pitching for Rochester Red Wings : RHP Alex Rushton
|
Now at 3B: Cyril Husson
|
|
Batting: RHB Daniel Jackson
|
0-0: Ball 1-0: Ball 2-0: Ball 3-0: Base on Balls
|
Batting: LHB Justin Moore
|
0-0: Ball 1-0: Ball 2-0: Called Strike 2-1: Foul Ball, location: 2F 2-2: Ball 3-2: Foul Ball, location: 2F 3-2: SINGLE (Groundball, 34, EV 104.4 MPH) Daniel Jackson to second Daniel Jackson to third
|
Batting: SHB Ben Pierce
|
0-0: Ball 1-0: Called Strike 1-1: Swinging Strike 1-2: Foul Ball, location: 2F 1-2: Fly out, F9 (Flyball, 9LM, EV 106.2 MPH) Runner from 3rd tags up, SCORES, no throw by RF
|
Batting: SHB Eduardo Maldonado
|
0-0: Called Strike 0-1: Ball 1-1: Ball 2-1: Ball 3-1: Base on Balls Justin Moore to second
|
Batting: RHB Jeremy Sipe
|
0-0: Swinging Strike 0-1: SINGLE (Groundball, 4MD, EV 95.6 MPH) Justin Moore to third Eduardo Maldonado to second Runner from 3rd tries for Home, SAFE, throw by CF to home
|
Batting: RHB Honório Szenes
|
0-0: Called Strike 0-1: Fielders Choice at 2nd, 3-6 (Groundball, 34S, EV 91.9 MPH) Eduardo Maldonado to third
|
Batting: RHB Ray Sims
|
0-0: Foul Ball, location: 2F 0-1: Ball 1-1: Ground out U3 (Groundball, 3, EV 98.1 MPH)
|
Top of the 8th over - 2 runs, 2 hits, 0 errors, 2 left on base; Norfolk 5 - Rochester 2 |
BOTTOM OF THE 8TH |
Rochester Red Wings batting - Pitching for Norfolk Tides : RHP Wes Reynolds
|
Batting: RHB Pedro Pinero
|
0-0: Called Strike 0-1: SINGLE (Groundball, 56D, EV 93.8 MPH)
|
Batting: RHB Dan Grable
|
0-0: Swinging Strike 0-1: Ball 1-1: Swinging Strike 1-2: Strikes out swinging
|
Batting: SHB Ian Thompson
|
0-0: Ball 1-0: Swinging Strike 1-1: Ball 2-1: Swinging Strike 2-2: SINGLE (Flyball, 9LS, EV 91.2 MPH) Pedro Pinero to second Runner from 2nd tries for 3rd, SAFE, throw by RF made to third
|
Pitching: RHP Bobby Marble
|
|
Batting: LHB Jon Ventura
|
0-0: Called Strike 0-1: Hit by Pitch Ian Thompson to second
|
Batting: RHB Leo Gonzalez
|
0-0: Called Strike 0-1: Swinging Strike 0-2: Ball 1-2: Ball 2-2: Fly out, F8 (Flyball, 8LD, EV 99.4 MPH) Runner from 3rd tags up, SCORES, no throw by CF
|
Batting: RHB Josh Harmon
|
0-0: Called Strike 0-1: Called Strike 0-2: Ball Wild Pitch! Ian Thompson to third Jon Ventura to second 1-2: Ball 2-2: Ball 3-2: Foul Ball, location: 2F 3-2: SINGLE (Line Drive, 89S, EV 93.8 MPH) Ian Thompson scores Jon Ventura to third Runner from 3rd tries for Home, SAFE, throw by RF to home
|
Batting: RHB José Molina
|
0-0: Ball 1-0: Foul Ball, location: 2F 1-1: Called Strike Josh Harmon steals 2nd base 1-2: Ball 2-2: Ground out U3 (Groundball, 3S, EV 93.8 MPH)
|
Bottom of the 8th over - 3 runs, 3 hits, 0 errors, 1 left on base; Norfolk 5 - Rochester 5 |
TOP OF THE 9TH |
Norfolk Tides batting - Pitching for Rochester Red Wings : RHP Alex Rushton
|
Pitching: RHP Matt Springer
|
|
Batting: RHB Joe Young
|
0-0: Fly out, F5 (Popup, 25, EV 83.1 MPH)
|
Batting: RHB Danny Baeza
|
0-0: Ball 1-0: Fly out, F8 (Flyball, 8LM, EV 89.4 MPH)
|
Batting: RHB Daniel Jackson
|
0-0: Foul Ball, location: 2F 0-1: Called Strike 0-2: Ball 1-2: Foul Ball, location: 2F 1-2: Foul Ball, location: 2F 1-2: SINGLE (Groundball, 34D, EV 94.4 MPH)
|
Batting: LHB Justin Moore
|
0-0: Swinging Strike 0-1: Ball 1-1: Ball 2-1: Foul Ball, location: 2F 2-2: 2-RUN HOME RUN (Flyball, 89XD, EV 107.5 MPH), Distance : 416 ft
|
Batting: SHB Ben Pierce
|
0-0: Called Strike 0-1: Ball 1-1: SINGLE (Line Drive, 4D, EV 100.0 MPH)
|
Batting: SHB Eduardo Maldonado
|
0-0: Swinging Strike 0-1: Ball 1-1: Fly out, F8 (Flyball, 89D, EV 83.8 MPH)
|
Top of the 9th over - 2 runs, 3 hits, 0 errors, 1 left on base; Norfolk 7 - Rochester 5 |
BOTTOM OF THE 9TH |
Rochester Red Wings batting - Pitching for Norfolk Tides : RHP Bobby Marble
|
Pitching: RHP Ryan Hemmerich
|
|
Batting: RHB Cyril Husson
|
0-0: Ball 1-0: Ball 2-0: Ground out 5-3 (Groundball, 5, EV 96.2 MPH)
|
Batting: LHB Tyler Allen
|
0-0: Ball 1-0: Foul Ball, location: 2F 1-1: Ball 2-1: SINGLE (Groundball, 6MS, EV 85.6 MPH) (infield hit)
|
Pinch Hitting: SHB Manny Molina
|
0-0: Called Strike 0-1: Foul Ball, location: 2F 0-2: Ball 1-2: Fielders Choice at 2nd, 4-6 (Groundball, 4, EV 80.6 MPH)
|
Batting: RHB Dan Grable
|
0-0: Foul Ball, location: 2F 0-1: Ball 1-1: Ball 2-1: Called Strike 2-2: Ball 3-2: Foul Ball, location: 2F 3-2: Foul Ball, location: 2F 3-2: Strikes out swinging
|
Bottom of the 9th over - 0 runs, 1 hit, 0 errors, 1 left on base; Norfolk 7 - Rochester 5 |
|